 Dungeon Crawl Stone Soup version 0.31-a0-219-g8d62b2e7bb (webtiles) character file.

Game seed: 995709752927519510

62 qw the Shooter (level 3, 0/29 HPs)
             Began as a Minotaur Hexslinger on July 3, 2023.
             Slain by a hobgoblin (6 damage)
             ... led by Robin
             ... on level 2 of the Dungeon.
             The game lasted 00:00:26 (1295 turns).

qw the Shooter (Minotaur Hexslinger)                Turns: 1295, Time: 00:00:27

Health: 0/29       AC:  7    Str: 12    XL:     3   Next: 85%
Magic:  3/3        EV: 11    Int: 10    God:
Gold:   84         SH:  0    Dex: 14    Spells: 3/4 levels left

rFire   + . .        Y - +1 sling
rCold   . . .        (no shield)
rNeg    . . .        i - +2 ring mail {rF+}
rPois   .            (helmet restricted)
rElec   .            (no cloak)
rCorr   .            (no gloves)
SInv    .            (no boots)
Will    .....        (no amulet)
Stlth   +            (no ring)
HPRegen 0.24/turn    (no ring)
MPRegen 0.08/turn

%: no passive effects
@: no status effects
A: horns 2, retaliatory headbutt
a: no special abilities


You were on level 2 of the Dungeon.
You visited 1 branch of the dungeon, and saw 2 of its levels.

You collected 84 gold pieces.


Innate Abilities, Weirdness & Mutations

You have a pair of horns on your head.
You reflexively headbutt those who attack you in melee.


   Skills:
 - Level 2.0 Fighting
 + Level 4.1 Ranged Weapons
 - Level 1.2 Armour
 - Level 2.1 Dodging
 - Level 1.0 Spellcasting
 - Level 2.0 Hexes


You had 3 spell levels left.
You knew the following spells:

 Your Spells              Type           Power      Damage    Failure   Level
a - Slow                  Hex            16%        N/A       34%         1

Your spell library contained the following spells:

 Spells                   Type           Power      Damage    Failure   Level
 Inner Flame              Hex/Fire       2%         N/A       83%         3
 Portal Projectile        Hex/Tloc       4%         N/A       83%         3
 Cause Fear               Hex            2%         N/A       98%         4

Inventory:

Hand Weapons
 Y - a +1 sling (weapon)
Armour
 i - a +2 ring mail of fire resistance (worn)
Jewellery
 d - a +4 ring of protection
Scrolls
 a - a scroll of torment {unknown}
 b - a scroll of identify
Potions
 c - 3 potions of haste {unknown}
 e - a potion of degeneration {unknown}
 g - a potion of enlightenment {unknown}

Dungeon Overview and Level Annotations

Branches:
Dungeon (2/15)

Altars:

Annotations:
D:2 Robin


Message History

The hobgoblin hits you.
A goblin comes into view. It is wielding a +0 club.
Robin of the Strong Arm comes into view.
They are wielding a +0 trident.
The hobgoblin closely misses you. The rat bites you.
You shoot a sling bullet.
The sling bullet closely misses the goblin.
Robin shouts!
You hear a shout!
The rat bites you but does no damage. The goblin hits you but does no damage.
The hobgoblin hits you but does no damage.
You shoot a sling bullet. The sling bullet hits the goblin.
You kill the goblin!
Robin roars a battlecry!
The goblins go into a battle-frenzy!
The hobgoblin hits you but does no damage.
The rat misses you. You furiously retaliate!
You headbutt the rat.
You kill the rat!
The ball python bites you but does no damage.
The ball python grabs you. The ball python constricts you.
You shoot a sling bullet. The sling bullet hits the ball python!
You kill the ball python!
The hobgoblin hits you.
You shoot a sling bullet.
The sling bullet closely misses the hobgoblin.
The sling bullet hits the goblin.
The goblin is severely wounded.
The hobgoblin hits you. x2
A hobgoblin comes into view. x2
The hobgoblin hits you. The hobgoblin closely misses you.
The goblin hits you with a +0 dagger.
You shoot a sling bullet.
The sling bullet closely misses the goblin.
The hobgoblin shouts!
The hobgoblin misses you. You furiously retaliate!
You headbutt the hobgoblin. The hobgoblin barely misses you.
The goblin hits you but does no damage. Robin throws the goblin at you!
You shoot a sling bullet. The sling bullet hits the hobgoblin.
You kill the hobgoblin!
The hobgoblin hits you.
You die...

############
########.........g######
................@gB.g.).
......##..>....g..#gg...
......##..........# .g..
......##..........# ..
......##..........#
....(.##..........###..
..........#...........
......#%##.##.....###
.).....##.}.##...##


You could see Robin, a giant cockroach, 3 hobgoblins and 3 goblins.

Vanquished Creatures
  2 adders (D:2)
  A worm (D:2)
  3 endoplasms
  2 giant cockroaches
  7 goblins
  8 hobgoblins
  A quokka (D:1)
  3 ball pythons
  4 bats
  A frilled lizard (D:1)
  5 kobolds (D:1)
  3 rats
40 creatures vanquished.

Notes
Turn   | Place    | Note
-------+----------+-------------------------------------------
     0 | D:1      | qw the Minotaur Hexslinger began the quest for the Orb.
     0 | D:1      | Reached XP level 1. HP: 16/16 MP: 1/1
     0 | D:1      | 0 ||| qw: Version: 0.3-a-40-ge99b1a8
     0 | D:1      | 0 ||| qw: Game counter: 353
     0 | D:1      | 0 ||| qw: Melee chars always use a shield: true
     0 | D:1      | 0 ||| qw: God list: Okawaru
     0 | D:1      | 0 ||| qw: Allow faded altars: false
     0 | D:1      | 0 ||| qw: Do Orc after clearing Dungeon:15 true
     0 | D:1      | 0 ||| qw: Do second Lair branch before Depths: true
     0 | D:1      | 0 ||| qw: Lair rune preference: random
     0 | D:1      | 0 ||| qw: Goals: Normal
     0 | D:1      | 0 ||| PLANNING D:1-11
   163 | D:1      | Reached skill level 3 in Ranged Weapons
   176 | D:1      | Reached XP level 2. HP: 23/23 MP: 2/2
   176 | D:1      | 176 ||| Stepping ~*~*~tactically~*~*~ (outnumbered).
   178 | D:1      | 178 ||| Stepping ~*~*~tactically~*~*~ (outnumbered).
   922 | D:1      | 922 ||| UPGRADING to +0 ring mail.
   932 | D:1      | 932 ||| DROPPING +0 robe.
   933 | D:1      | 933 ||| UPGRADING to +2 ring mail of fire resistance.
   943 | D:1      | 943 ||| DROPPING +0 ring mail.
   944 | D:1      | 944 ||| DROPPING ring of wizardry.
   945 | D:1      | 945 ||| READING scroll labelled SOILEN NYCUHO.
   946 | D:1      | 946 ||| DROPPING scroll of poison.
  1060 | D:2      | Reached XP level 3. HP: 21/29 MP: 3/3
  1143 | D:2      | Reached skill level 4 in Ranged Weapons
  1148 | D:2      | Reached skill level 1 in Armour
  1289 | D:2      | Noticed Robin
  1293 | D:2      | HP: 6/29 [goblin/+0 dagger[Robin] (4)]
  1295 | D:2      | Slain by a hobgoblin

Levels and vault maps discovered:
D:1:      minmay_arrival_four_circles, layout_basic, serial_rivers,
          chequers_serial_rivers_small_3, chequers_serial_rivers_small_b,
          chequers_serial_rivers_room_a, chequers_serial_rivers_micro_c,
          chequers_serial_rivers_micro_d, minmay_misc_feat_alley,
          chequers_avenue, kennysheep_crisscross
D:2:      layout_basic, grunt_decor_mini_mirrors, uniq_robin

Skill      XL: |  1  2  3 |
---------------+----------+-----
Ranged Weapons | 3 4 |  4.1
Fighting       | 2 |  2.0
Armour         | 1 |  1.2
Dodging        | |  2.1
Spellcasting   | |  1.0
Hexes          | |  2.0

Action                     || total
---------------------------++-------
   Fire: Sling             ||   109
    Use: Scroll            ||     1
 Armour: Robe              ||     3
         Ring mail         ||    32
  Dodge: Dodged            ||    51

Table legend:
 A = Non-vault XP
 B = Vault XP
 C = Vault XP percentage of total XP
 D = Non-vault monster count
 E = Vault monster count
 F = Vault count percentage of total count
                 A         B        C        D         E       F
            +---------+---------+-------+---------+---------+-------
      Total |      85 |       6 |   6.6 |      36 |       4 |  10.0
            +---------+---------+-------+---------+---------+-------
        D:1 |      35 |       0 |   0.0 |      22 |       0 |   0.0
        D:2 |      50 |       6 |  10.7 |      14 |       4 |  22.2
            +---------+---------+-------+---------+---------+-------
